Map: 애씨드 플랜트 - 래더

Players

슬기

  • Race: Zerg Zerg
  • League: Master
  • Spawn Location: 5:00

IIIIIIIIIIII - Winner!

  • Race: Terran Terran
  • League: Grandmaster
  • Spawn Location: 11:00

VOD

Have the link to the VOD?

Description

Time

  • Played on: July 19, 2018, 11:24 a.m.
  • Length: 11:49
Show
View Real Time Build Order
Export as new Build Order

슬기 Zerg 

Build Orders: Hatch First 

Get SALT Encoding   

  12  0:01  Drone  
  13  0:12  Overlord  
  13  0:17  Drone  
  14  0:30  Drone x2  
  14  0:34  Drone  
  17  0:52  Hatchery  
  17  0:56  Drone  
  17  0:59  Drone  
  18  1:10  Extractor  
  17  1:15  Spawning Pool  
  17  1:17  Drone  
  17  1:20  Drone  
  18  1:27  Drone  
  19  1:38  Overlord  
  19  1:51  Drone  
  20  2:02  Zergling x2, Queen  
  20  2:03  Queen  
  20  2:04  Zergling x2  
  26  2:09  Metabolic Boost  
  26  2:12  Drone  
  27  2:16  Drone  
  27  2:22  Drone  
  29  2:29  Zergling x2  
  30  2:34  Drone  
  31  2:39  Queen  
  31  2:40  Overlord  
  31  2:43  Drone  
  34  2:47  Drone  
  35  2:53  Drone  
  36  2:59  Hatchery  
  36  3:03  Drone  
  36  3:05  Overlord  
  36  3:14  Drone  
  36  3:15  Drone x3  
  36  3:16  Drone  
  36  3:17  Drone  
  42  3:21  Overlord  
  42  3:24  Drone  
  42  3:25  Drone  
  44  3:35  Overlord  
  44  3:42  Zergling x2  
  44  3:46  Evolution Chamber  
  44  3:47  Drone  
  45  3:49  Queen  
  47  4:04  Overlord  
  47  4:06  Overlord  
  47  4:07  Lair  
  47  4:09  Extractor, Drone x4  
  50  4:10  Extractor  
  48  4:33  Queen  
  48  4:34  Overlord x2  
  48  4:36  Zergling x16  
  48  4:37  Zerg Ground Armor Level 1  
  51  5:04  Zergling x2  
  51  5:05  Zergling x14  
  51  5:24  Drone x3  
  51  5:25  Drone x3  
  51  5:28  Drone x5  
  54  5:37  Queen x3, Baneling Nest  
  54  5:41  Drone x3  
  62  5:54  Evolution Chamber  
  62  5:55  Drone  
  62  5:56  Drone x5  
  67  5:58  Drone  
  68  6:05  Drone x2  
  70  6:17  Queen  
  72  6:24  Hatchery  
  72  6:25  Centrifical Hooks, Zerg Melee Weapons Level 1  
  71  6:31  Zergling x18  
  71  6:32  Zergling x2  
  81  6:37  Hydralisk Den  
  81  6:38  Extractor  
  81  6:39  Extractor, Drone x3  
  81  6:41  Drone x2  
  81  6:46  Drone  
  84  6:50  Drone x3, Spore Crawler  
  84  6:52  Spore Crawler  
  85  6:54  Spore Crawler  
  85  6:58  Baneling x4  
  85  6:59  Zerg Ground Armor Level 2, Baneling x6  
  84  7:13  Hatchery  
  84  7:14  Muscular Augments  
  83  7:15  Hydralisk x2  
  83  7:16  Hydralisk x3  
  83  7:19  Pneumatized Carapace  
  83  7:21  Overseer  
  93  7:31  Overlord, Zergling x2  
  93  7:32  Zergling x8  
  98  7:38  Overlord  
  98  7:46  Zergling x12  
  98  7:48  Overlord x3  
  104  7:56  Zergling x2  
  104  7:57  Zergling x14  
  105  8:14  Baneling  
  105  8:15  Baneling x6  
  103  8:25  Hydralisk x4  
  107  8:27  Zergling x2  
  107  8:28  Zergling x28  
  107  8:33  Drone  
  122  8:42  Drone x5  
  122  8:43  Drone x2  
  122  8:46  Extractor, Infestation Pit  
  122  8:47  Zergling x2  
  122  8:48  Zergling x14  
  135  8:52  Grooved Spines  
  117  9:10  Baneling  
  117  9:11  Baneling x4  
  117  9:14  Hydralisk x3  
  117  9:15  Hydralisk  
  122  9:17  Overlord x2  
  119  9:29  Extractor  
  119  9:30  Extractor  
  117  9:40  Hatchery, Drone  
  117  9:47  Overlord x2  
  117  9:48  Hive  
  117  9:49  Zergling x28  
  108  10:17  Hydralisk x7  
  108  10:19  Drone  
  123  10:21  Hatchery  
  121  10:52  Hatchery  
  111  11:09  Overlord x2  
  111  11:10  Baneling x6  
  111  11:11  Baneling x11  
  111  11:12  Overlord x2  
  111  11:19  Ultralisk Cavern  
  110  11:27  Drone x7  
  110  11:29  Drone  
Show
View Real Time Build Order
Export as new Build Order

IIIIIIIIIIII Terran - Winner!

Build Orders: Cyclone Opening, Reaper Expand, Bio Tank 

Get SALT Encoding   

  12  0:00  SCV  
  13  0:12  SCV  
  14  0:17  Supply Depot  
  14  0:24  SCV  
  15  0:32  Refinery  
  15  0:38  SCV  
  16  0:44  Barracks  
  16  0:50  SCV  
  17  1:02  SCV  
  18  1:14  SCV  
  19  1:30  Orbital Command  
  19  1:31  Reaper  
  20  1:41  Command Center  
  20  1:52  Factory  
  20  1:56  SCV  
  20  2:01  Refinery  
  21  2:08  SCV  
  22  2:10  Barracks Reactor  
  22  2:14  Supply Depot  
  22  2:20  SCV  
  23  2:35  SCV  
  24  2:48  SCV  
  25  2:53  Orbital Command  
  25  2:55  Cyclone x2  
  31  3:00  SCV  
  32  3:06  Supply Depot  
  32  3:12  SCV  
  33  3:19  SCV  
  34  3:24  SCV  
  35  3:30  Cyclone  
  35  3:31  SCV, Cyclone  
  42  3:36  SCV  
  43  3:44  Command Center  
  43  3:48  SCV x2  
  45  3:49  Barracks Tech Lab  
  45  3:57  Supply Depot  
  45  4:00  SCV x2  
  47  4:07  Hellion x2  
  47  4:09  Marine  
  52  4:10  Stimpack  
  52  4:12  SCV  
  52  4:13  SCV  
  54  4:24  SCV  
  54  4:25  SCV  
  54  4:27  Marine  
  54  4:31  Barracks  
  57  4:34  Barracks  
  57  4:36  SCV  
  57  4:38  SCV  
  59  4:40  Factory Tech Lab  
  59  4:43  Supply Depot  
  59  4:44  Refinery  
  59  4:49  SCV  
  60  4:54  Marine  
  60  4:55  SCV  
  62  5:06  Siege Tank  
  62  5:07  Orbital Command, SCV  
  64  5:11  Engineering Bay  
  64  5:12  Marine  
  64  5:13  Engineering Bay  
  61  5:27  Barracks Reactor  
  54  5:29  SCV x2  
  54  5:33  Marine x3, Refinery  
  54  5:36  Starport  
  54  5:37  SCV  
  54  5:41  Terran Infantry Weapons Level 1, SCV x2  
  54  5:42  Terran Infantry Armor Level 1  
  57  5:46  Siege Tank  
  57  5:49  SCV  
  61  5:52  Barracks  
  61  5:53  SCV  
  61  5:54  Barracks  
  61  5:55  SCV  
  61  5:56  Marine x3  
  66  6:01  SCV  
  66  6:03  Supply Depot x2  
  67  6:06  SCV  
  67  6:07  SCV, Marine x2  
  67  6:10  Combat Shields  
  71  6:13  Marine  
  71  6:14  Orbital Command, Marine  
  71  6:17  Supply Depot  
  71  6:18  Marine  
  74  6:20  Siege Tank  
  74  6:22  Starport Reactor  
  74  6:24  SCV x2  
  74  6:25  Marine  
  79  6:26  Supply Depot  
  79  6:27  Supply Depot  
  79  6:31  Marine  
  79  6:32  Marine  
  82  6:36  SCV  
  82  6:37  Armory, SCV  
  84  6:41  SCV  
  84  6:42  Barracks Reactor  
  84  6:43  Barracks Reactor  
  84  6:47  Marine x3  
  85  6:48  SCV  
  85  6:49  Marine  
  85  6:53  Siege Tank  
  93  6:56  SCV x2  
  93  6:59  Medivac  
  93  7:01  SCV  
  98  7:03  Medivac  
  98  7:04  Marine x2  
  98  7:08  SCV x2  
  104  7:10  Refinery  
  104  7:13  Refinery  
  104  7:16  SCV  
  104  7:17  Supply Depot, Marine x3  
  104  7:19  Supply Depot  
  104  7:20  SCV x2  
  104  7:21  Marine x3  
  113  7:23  Marine  
  113  7:28  Siege Tank  
  117  7:30  SCV  
  117  7:32  SCV  
  117  7:33  SCV  
  117  7:35  Marine, Medivac x2  
  125  7:39  Marine x4  
  125  7:42  Supply Depot  
  129  7:47  Supply Depot  
  129  7:48  Marine x3  
  129  7:49  Marine  
  133  7:51  Terran Infantry Weapons Level 2  
  133  7:53  Marine  
  133  7:56  Marine x2  
  133  7:57  Terran Infantry Armor Level 2  
  136  8:04  Marine x2  
  138  8:06  Marine x2  
  138  8:09  Siege Tank  
  138  8:10  Medivac  
  145  8:14  Command Center  
  145  8:17  Marine x2  
  145  8:18  Marine  
  148  8:25  Marine x2  
  150  8:27  Medivac  
  152  8:35  Marine x4  
  156  8:47  Factory  
  156  8:48  Supply Depot  
  156  8:49  Supply Depot, Marine  
  156  8:50  Bunker  
  156  8:53  Barracks Reactor, Supply Depot  
  157  8:58  Marine  
  157  8:59  Medivac  
  157  9:01  SCV  
  157  9:02  SCV, Marine  
  157  9:05  Siege Tank  
  151  9:10  Marine x3  
  151  9:11  Marine x3  
  151  9:16  Marine  
  158  9:20  Marine  
  158  9:22  Terran Vehicle Weapons Level 1  
  153  9:27  Barracks  
  153  9:28  Marine x2  
  153  9:31  Barracks x2  
  149  9:37  Marine x2, Siege Tank  
  149  9:38  Marine x2  
  156  9:40  Medivac x2  
  156  9:44  Siege Tank, Marine x2  
  156  9:45  Marine  
  166  9:49  Marine x2  
  159  10:06  Marine  
  159  10:07  Marine x3  
  148  10:08  Marine x2  
  148  10:09  Siege Tank  
  148  10:10  Medivac x2  
  148  10:12  Marine x3  
  161  10:15  Barracks Tech Lab  
  161  10:16  Planetary Fortress  
  161  10:26  Barracks Tech Lab  
  161  10:27  Barracks Tech Lab  
  161  10:29  Sensor Tower  
  161  10:31  Refinery  
  161  10:33  Refinery  
  161  10:34  Marine x7  
  168  10:44  Marine x4  
  168  10:45  Marine x2  
  168  10:48  Siege Tank  
  177  10:51  Siege Tank, Marine  
  177  10:52  Marine x2  
  183  11:03  Marauder x2  
  182  11:08  Marine x2  
  182  11:09  Marauder, Marine  
  183  11:17  Command Center  
  183  11:21  Starport  
  183  11:22  Starport  
  183  11:24  Marauder x2, Marine x2  
  183  11:25  Marine x2  
  189  11:30  Marine  
Tags
 
Add a new tag
Caveats
  • Supply blocks, unpowered buildings, or Contaminate may cause inaccurate times.
  • Supply counts are checked every 10 seconds.